 Dungeon Crawl Stone Soup version 0.29.1-14-g9c671dbff4 (webtiles) character file.

Game seed: 1218881375428689473

52443 devnull the Cleaver (level 15, -7/120 HPs)
             Began as a Human Gladiator on Feb 19, 2023.
             Was a High Priest of Zin.
             Killed from afar by an ice statue (22 damage)
             ... with a freezing blast
             ... in an ice cave on Feb 20, 2023.
             The game lasted 01:56:57 (20954 turns).

devnull the Cleaver (Human Gladiator)              Turns: 20954, Time: 01:56:58

Health: -7/120     AC: 26    Str: 25    XL:     15   Next: 6%
Magic:  17/21      EV: 10    Int: 13    God:    Zin [*****.]
Gold:   295        SH:  7    Dex: 19    Spells: 18/22 levels left

rFire   + . .      SeeInvis .   a - +6 broad axe (freeze)
rCold   . . .      Faith    .   L - +1 buckler {@W1 @T1}
rNeg    . . .      Spirit   .   V - +4 chain mail {rF+}
rPois   ∞          Reflect  .   K - +1 helmet
rElec   .          Harm     .   O - +0 cloak
rCorr   .          Rampage  .   f - +1 pair of gloves
Will    ++...                   q - +0 pair of boots
Stlth   ..........              (no amulet)
HPRegen 0.30/turn               R - ring of poison resistance
MPRegen 0.17/turn               d - +4 ring of protection

@: mighty, vitalised, about to teleport, on recite cooldown, hasted, very quick
A: hooves 1, low MP 1, strong-willed 1
a: Renounce Religion, Recite, Vitalisation, Imprison, Sanctuary, Donate Gold


You were in an ice cave.
You worshipped Zin.
Zin was extremely pleased with you.
You visited 3 branches of the dungeon, and saw 18 of its levels.
You also visited: Ice Cave and Volcano.

You collected 1158 gold pieces.
You spent 758 gold pieces at shops.
You donated 105 gold pieces to Zin.

Inventory:

Hand Weapons
 a - a +6 broad axe of freezing (weapon)
 b - a +2 flail of flaming
 c - a +4 battleaxe of freezing
 r - a +1 hand axe of holy wrath
 y - a +6 scythe of venom
 X - a +1 longbow of flaming
 Z - a +1 spear of flaming
Missiles
 g - 7 javelins
 h - 11 silver javelins
 i - 8 atropa-tipped darts
 l - 82 poisoned darts (quivered)
 C - 11 curare-tipped darts
 M - a throwing net
 T - a boomerang of dispersal
Armour
 f - a +1 pair of gloves (worn)
 q - a +0 pair of boots (worn)
 K - a +1 helmet (worn)
 L - a +1 buckler (worn) {@W1 @T1}
 O - a +0 cloak (worn)
 V - a +4 chain mail of fire resistance (worn)
Jewellery
 d - a +4 ring of protection (right hand)
 G - a ring of fire
 H - a ring of protection from fire
 P - a +4 ring of evasion
 R - a ring of poison resistance (left hand)
 S - the amulet of Elemental Vulnerability {rPois rF-- rC-- AC+8}
   (You found it on level 1 of the Lair of Beasts)

   [amulet of nothing]

   AC:        It affects your AC (+8).
   rF:        It makes you very vulnerable to fire.
   rC:        It makes you very vulnerable to cold.
   rPois:     It protects you from poison.
Wands
 B - a wand of digging (7)
 I - a wand of mindburst (5)
Scrolls
 e - 3 scrolls of poison
 k - 6 scrolls of blinking
 m - 3 scrolls of brand weapon
 t - a scroll of immolation
 A - 4 scrolls of fear
 D - 5 scrolls of vulnerability
 F - 5 scrolls of teleportation
 N - 2 scrolls of amnesia
 U - a scroll of acquirement {unknown}
Potions
 n - 2 potions of haste
 o - 4 potions of flight
 p - 2 potions of mutation
 s - 3 potions of brilliance {unknown}
 u - 2 potions of resistance
 v - 2 potions of lignification {unknown}
 w - 4 potions of heal wounds {unknown}
 x - a potion of curing
 z - 4 potions of attraction
 E - 3 potions of magic {unknown}
 J - 2 potions of cancellation {unknown}
 Q - 4 potions of ambrosia {unknown}
 W - a potion of invisibility


   Skills:
 + Level 12.0 Fighting
 - Level 13.4 Axes
 - Level 5.0 Throwing
 - Level 8.3 Armour
 - Level 3.0 Dodging
 - Level 5.7 Shields
 - Level 4.2 Spellcasting
 - Level 7.5 Summonings
 - Level 11.7 Invocations
 - Level 5.0 Evocations


You had 18 spell levels left.
You knew the following spells:

 Your Spells              Type           Power      Damage    Failure   Level
a - Summon Lightning Spi  Summ/Air       12%        N/A       97%         4

Your spell library contained the following spells:

 Spells                   Type           Power      Damage    Failure   Level
 Magic Dart               Conj           8%         1d3       82%         1
 Sandblast                Erth           4%         2d4       82%         1
 Passwall                 Tmut/Erth      1%         N/A       91%         2
 Scorch                   Fire           4%         2d5       91%         2
 Dazzling Flash           Conj/Hex       4%         N/A       99%         3
 Ozocubu's Armour         Ice            2%         N/A       99%         3
 Stone Arrow              Conj/Erth      4%         3d7       99%         3
 Airstrike                Air            1%         2d(1-17)  100%        4
 Flame Wave               Conj/Fire      2%         2d4       100%        4
 Fulminant Prism          Conj/Hex       1%         3d6       100%        4
 Hailstorm                Conj/Ice       2%         3d3       100%        4
 Ice Form                 Ice/Tmut       2%         N/A       100%        4
 Iskenderun's Mystic Bla  Conj/Tloc      2%         2d3       100%        4
 Passage of Golubria      Tloc           2%         N/A       100%        4
 Fireball                 Conj/Fire      1%         3d3       100%        5
 Iskenderun's Battlesphe  Conj           2%         2d6       100%        5
 Lee's Rapid Deconstruct  Erth           1%         3d5*      100%        5
 Lightning Bolt           Conj/Air       1%         1d12      100%        5
 Metabolic Englaciation   Hex/Ice        1%         N/A       100%        5
 Silence                  Hex/Air        1%         N/A       100%        5
 Summon Forest            Summ/Tloc      6%         N/A       100%        5
 Conjure Ball Lightning   Conj/Air       1%         3x3d6     100%        6
 Eringya's Noxious Bog    Tmut/Pois      1%         N/A       100%        6
 Simulacrum               Ice/Necr       1%         N/A       100%        6
 Starburst                Conj/Fire      1%         6d3       100%        6
 Summon Cactus Giant      Summ           11%        N/A       100%        6
 Orb of Destruction       Conj           1%         9d5       100%        7
 Summon Hydra             Summ           11%        N/A       100%        7
 Lehudib's Crystal Spear  Conj/Erth      1%         10d2      100%        8


Dungeon Overview and Level Annotations

Branches:
Dungeon (12/15)            Temple (1/1) D:4            Lair (5/5) D:8
 Shoals (0/4) Lair:3        Snake (0/4) Lair:2        Slime (0/5) Lair:4
    Orc (0/2) D:12          IceCv (1/1)             Volcano (visited)

Altars:
Ashenzari
Cheibriados
Dithmenos
Elyvilon
Fedhas
Gozag
Hepliaklqana
Kikubaaqudgha
Makhleb
Nemelex Xobeh
Okawaru
Qazlal
Ru
Sif Muna
Trog
Uskayaw
Vehumet
Wu Jian
Xom
Yredelemnul
Zin
The Shining One

Shops:
D:2 [(=?*   D:3 (   D:5 [   D:8 *

Annotations:
Lair:2 !hydra


Innate Abilities, Weirdness & Mutations

You have large cloven feet.
Your magical capacity is low. (-10% MP)
You are strong-willed. (Will+)


Message History

Unknown command.
Activating: Sanctuary (10% risk of failure)
Press: ? - help, Dir - look around, f - activate You hear a choir sing!
By Zin's power, all blood is cleared from the sanctuary.
The monsters scatter in all directions!
Zin will no longer cleanse your potions of mutation.
A rime drake and a death yak come into view.
The polar bear rages.
The polar bear rages.
A death yak comes into view.
The death yak bellows!
You hear a howl!
A death yak comes into view.
The death yak moves out of view.
The death yak bellows!
Cornered, the death yak turns to fight!
The rime drake hisses angrily.
You hear a howl!
You feel yourself speed up.
The death yak snorts and paws the ground.
You hear an angry growl.
A polar bear comes into view.
You barely miss the polar bear.
The polar bear is severely wounded.
The polar bear bites you.
* * * LOW HITPOINT WARNING * * *
The polar bear barely misses you. x2
You slice the polar bear!! You freeze the polar bear.
You kill the polar bear!
Your Fighting skill increases to level 12!
Press: ? - help, v - describe, . - travel
Here: a death yak The floor, spattered with blood.
Unknown command.
Okay, then.
As you read the scroll of teleportation, it crumbles to dust.
You feel strangely unstable.
An ice statue comes into view.
The ice statue gestures at you. The freezing blast engulfs you!!
You die...

## ##..
##
#..8.#.
#......##
#. #@# #.
#.## #.#
##Y# ..#
##.## ..
#.##
#.##Y##
#..##.#
##.##Y##
##..###Y#


You could see a death yak and an ice statue.

Vanquished Creatures
  2 boulder beetles (D:12)
  5 hydras
  An ogre mage (Volcano)
  A catoblepas (Lair:4)
  9 two-headed ogres
  4 death yaks
  A hell knight (Volcano)
  A sun demon (D:11)
  2 sea snakes (Lair:5)
  A deep elf pyromancer (D:12)
  An ugly thing (D:12)
  A cyclops (D:9)
  A manticore (D:10)
  Maurice (D:11)
  4 black mambas
  2 rust devils
  2 torpor snails (Lair:5)
  5 elephants
  3 gargoyles
  2 kobold demonologists
  3 cane toads
  A smoke demon (D:11)
  6 komodo dragons
  Maggie (D:8)
  Psyche (D:8)
  2 rime drakes
  2 hellwings (D:11)
  2 ice devils (Lair:5)
  5 polar bears
  2 trolls
  Prince Ribbit (D:8)
  3 hornets
  3 slime creatures
  14 blink frogs
  4 dream sheep (Lair:5)
  Sigmund (D:3)
  A shadow (D:10)
  43 yaks
  2 wyverns
  2 water elementals (D:12)
  3 wraiths
  3 steam dragons
  4 basilisks
  2 chaos spawn (D:11)
  6 neqoxecs (D:11)
  7 vampire mosquitoes
  Menkaure (D:4)
  3 nagas (Lair:2)
  6 water moccasins
  An acid dragon (D:9)
  An ice beast (D:6)
  2 black bears
  4 orc warriors
  2 sky beasts
  23 wolves
  4 ogres
  A centaur (D:8)
  A phantom (D:5)
  14 kobold brigands
  9 bullfrogs
  2 necrophages
  2 gnoll sergeants
  A scorpion (D:7)
  5 wights (D:7)
  10 killer bees
  4 electric eels
  6 howler monkeys
  4 quasits (D:11)
  5 hounds
  6 orc priests
  12 jellies (Lair:4)
  Ijyb (D:4)
  2 iguanas
  10 orc wizards
  A hell rat (D:8)
  A river rat (D:8)
  5 adders
  12 gnolls
  2 shadow imps (D:12)
  A white imp (D:6)
  An ufetubus (D:6)
  A worm (D:4)
  3 dart slugs
  34 orcs
  10 ball pythons
  3 bats
  4 endoplasms
  A giant cockroach (D:1)
  10 goblins
  4 hobgoblins
  4 jackals
  8 quokkas
  5 frilled lizards
  44 kobolds
  8 kobold skeletons (D:12)
  10 kobold zombies (D:12)
  9 rats
  A pillar of salt (D:12)
497 creatures vanquished.

Vanquished Creatures (others)
  A shadow imp (D:8)
  5 demonic plants (D:11)
  32 fungi
  A pillar of salt (D:12)
  56 plants
95 creatures vanquished.

Grand Total: 592 creatures vanquished

Notes
Turn   | Place    | Note
-------+----------+-------------------------------------------
     0 | D:1      | devnull the Human Gladiator began the quest for the Orb.
     0 | D:1      | Reached XP level 1. HP: 16/16 MP: 1/1
   336 | D:1      | Reached XP level 2. HP: 22/22 MP: 2/2
   643 | D:1      | Reached skill level 4 in Axes
   643 | D:1      | Reached XP level 3. HP: 26/27 MP: 0/3
   892 | D:1      | Found a faded altar of an unknown god.
  1043 | D:2      | Found Onoc Nam's General Store.
  1050 | D:2      | Bought a potion of curing for 36 gold pieces
  1079 | D:2      | Found Upruek's Magic Scroll Shoppe.
  1117 | D:2      | Bought a potion of flight for 36 gold pieces
  1440 | D:2      | Found Rippenge's Weapon Shop.
  1447 | D:2      | Found Orickica's Jewellery Shop.
  1532 | D:2      | Reached XP level 4. HP: 33/33 MP: 0/4
  1605 | D:2      | Found Qeur's Armour Shoppe.
  2245 | D:2      | Bought a scroll of identify for 20 gold pieces
  2294 | D:3      | Noticed Sigmund
  2303 | D:2      | Reached skill level 5 in Axes
  2494 | D:2      | Reached XP level 5. HP: 6/38 MP: 1/5
  2844 | D:3      | Killed Sigmund
  2845 | D:3      | Reached skill level 6 in Axes
  2845 | D:3      | Reached XP level 6. HP: 7/44 MP: 3/6
  2849 | D:3      | HP: 2/44 [poisoned by Sigmund]
  2850 | D:3      | Gained mutation: Your magical capacity is low. (-10% MP)
                  | [potion of mutation]
  2850 | D:3      | Gained mutation: Your natural rate of healing is unusually
                  | fast. [potion of mutation]
  2850 | D:3      | Gained mutation: You are strong-willed. (Will+) [potion of
                  | mutation]
  2850 | D:3      | Gained mutation: You have large cloven feet. [potion of
                  | mutation]
  3077 | D:2      | Bought a scroll of noise for 10 gold pieces
  3252 | D:3      | Found Luijat's Weapon Shop.
  3312 | D:4      | Noticed Menkaure
  3323 | D:4      | Killed Menkaure
  3324 | D:4      | Reached skill level 7 in Axes
  3324 | D:4      | Reached XP level 7. HP: 40/50 MP: 4/6
  3412 | D:4      | Reached skill level 8 in Axes
  3683 | D:4      | Found a staircase to the Ecumenical Temple.
  3694 | Temple   | Entered the Ecumenical Temple
  3910 | Temple   | Became a worshipper of the Shining One
  4239 | D:4      | Found a shimmering altar of Xom.
  4239 | D:4      | Found a shadowy altar of Dithmenos.
  4256 | D:4      | Reached XP level 8. HP: 56/56 MP: 4/7
  4338 | D:4      | Noticed Ijyb
  4354 | D:4      | Killed Ijyb
  4454 | D:5      | Entered Level 5 of the Dungeon
  4541 | D:5      | Reached skill level 5 in Throwing
  4661 | D:5      | Reached skill level 1 in Armour
  5064 | D:5      | Found a stormy altar of Qazlal.
  5064 | D:5      | Found a blossoming altar of Fedhas.
  5089 | D:5      | Found a glowing silver altar of Zin.
  5091 | D:5      | Found a hide-covered altar of Uskayaw.
  5093 | D:5      | Found a hazy altar of Hepliaklqana.
  5096 | D:5      | Fell from the grace of the Shining One
  5096 | D:5      | Became a worshipper of Zin the Law-Giver
  5096 | D:5      | Reached * piety under Zin
  5251 | D:5      | Reached skill level 1 in Invocations
  5254 | D:5      | Found Ilugetest's Armour Emporium.
  5735 | D:6      | Reached skill level 5 in Invocations
  5735 | D:6      | Reached XP level 9. HP: 59/61 MP: 6/11
  6705 | D:7      | Reached ** piety under Zin
  6916 | D:7      | Reached XP level 10. HP: 67/67 MP: 13/15
  6970 | D:7      | Reached skill level 10 in Invocations
  7570 | D:8      | Found a staircase to the Lair.
  7572 | D:8      | Noticed a death yak
  7572 | D:8      | Noticed a death yak
  7572 | D:8      | Noticed a death yak
  7596 | D:7      | Killed a death yak
  7661 | D:8      | Noticed Prince Ribbit
  7672 | D:8      | Killed Prince Ribbit
  7811 | D:8      | Noticed Maggie
  7822 | D:8      | Killed Maggie
  8098 | D:8      | Killed a death yak
  8124 | D:8      | Killed a death yak
  8125 | D:8      | Reached XP level 11. HP: 18/82 MP: 0/16
  8260 | D:8      | Noticed Psyche
  8272 | D:8      | Killed Psyche
  8317 | D:8      | Found an ancient bone altar of Kikubaaqudgha.
  8648 | D:8      | Found a radiant altar of Vehumet.
  8650 | D:8      | Found a shimmering blue altar of Sif Muna.
  8657 | D:8      | Got Vehumet's Handbook of Battle Magic
  8659 | D:8      | Noticed a two-headed ogre
  8665 | D:8      | Killed a two-headed ogre
  8833 | D:8      | Found Codghocve's Island Escapes.
  8987 | D:8      | Reached skill level 9 in Axes
  9105 | D:9      | Found an opulent altar of Gozag.
  9117 | D:9      | Reached *** piety under Zin
  9442 | D:9      | Noticed a cyclops
  9527 | D:9      | Killed a cyclops
  9573 | D:9      | Found a sparkling altar of Nemelex Xobeh.
 10068 | D:2      | Bought a +3 broad axe of freezing for 242 gold pieces
 10093 | D:2      | Bought a +0 buckler for 54 gold pieces
 10242 | D:10     | Entered Level 10 of the Dungeon
 10261 | D:10     | Noticed a manticore
 10276 | D:10     | Killed a manticore
 10277 | D:10     | Reached skill level 1 in Shields
 10453 | D:10     | Noticed a two-headed ogre
 10464 | D:10     | Killed a two-headed ogre
 10696 | D:10     | Reached XP level 12. HP: 80/92 MP: 9/17
 10753 | D:10     | Reached **** piety under Zin
 10781 | D:10     | Reached skill level 5 in Shields
 10781 | D:10     | Reached skill level 10 in Axes
 11007 | D:11     | Noticed Maurice
 11612 | D:11     | Killed Maurice
 11645 | D:11     | Gained mutation: You are frail. (-10% HP) [a neqoxec]
 12024 | D:11     | Noticed a sun demon
 12068 | D:11     | Killed a sun demon
 12753 | D:12     | Noticed a boulder beetle
 12766 | D:12     | Reached skill level 11 in Axes
 12767 | D:12     | Killed a boulder beetle
 12913 | D:12     | Reached skill level 1 in Evocations
 13004 | D:12     | Noticed a boulder beetle
 13018 | D:12     | Killed a boulder beetle
 13019 | D:12     | Reached XP level 13. HP: 74/88 MP: 16/19
 13112 | D:12     | Reached ***** piety under Zin
 13135 | D:12     | Found a white marble altar of Elyvilon.
 13162 | D:12     | Identified the +5 falchion "Cidoast" {vamp, rN+ rCorr
                  | Dex-4}
 13236 | D:12     | Reached skill level 5 in Evocations
 13681 | D:12     | Found an ancient bone altar of Kikubaaqudgha.
 13815 | D:12     | Found a staircase to the Orcish Mines.
 14431 | Lair:1   | Entered Level 1 of the Lair of Beasts
 14488 | Lair:1   | Reached skill level 12 in Axes
 14564 | Lair:1   | Noticed a six-headed hydra
 14723 | D:8      | Killed a seven-headed hydra
 15052 | Lair:1   | Reached skill level 13 in Axes
 15083 | Lair:1   | Found the amulet of Elemental Vulnerability {rPois rF--
                  | rC-- AC+8}
 15363 | Lair:1   | Noticed a four-headed hydra
 15381 | Lair:1   | Killed a four-headed hydra
 15658 | Lair:2   | Noticed a four-headed hydra
 15676 | Lair:1   | Killed a four-headed hydra
 15781 | Lair:2   | Learned a level 4 spell: Summon Lightning Spire
 15841 | Lair:2   | Reached skill level 1 in Summonings
 15963 | Lair:2   | Found a staircase to the Snake Pit.
 16580 | Lair:3   | Found a staircase to the Shoals.
 16634 | Lair:3   | Reached skill level 5 in Summonings
 16656 | Lair:3   | Reached XP level 14. HP: 80/94 MP: 20/20
 16834 | Lair:3   | Reached skill level 1 in Spellcasting
 17608 | Lair:4   | Found a dark tunnel.
 17617 | Volcano  | Entered a volcano
 18001 | Volcano  | Found a burning altar of Makhleb.
 18520 | D:2      | Bought a +4 ring of protection for 360 gold pieces
 19035 | Lair:4   | Found a staircase to the Slime Pits.
 19323 | Lair:5   | Entered Level 5 of the Lair of Beasts
 19363 | Lair:5   | Reached skill level 10 in Fighting
 19526 | Lair:5   | Found a snail-covered altar of Cheibriados.
 19624 | Lair:5   | Reached ****** piety under Zin
 19635 | Lair:5   | Lost mutation: You are frail. (-10% HP) [potion of
                  | mutation]
 19635 | Lair:5   | Lost mutation: Your natural rate of healing is unusually
                  | fast. [potion of mutation]
 19702 | Lair:5   | Found a frozen archway.
 19714 | Lair:5   | HP: 4/111 [ice devil (13)]
 19923 | IceCv    | Entered an ice cave
 20703 | IceCv    | Reached XP level 15. HP: 111/120 MP: 18/21
 20915 | IceCv    | Noticed a frost giant
 20954 | IceCv    | Killed from afar by an ice statue

Illustrated notes

Levels and vault maps discovered:
D:1:      giann_bridges, layout_rooms,
          shapermc_ecumenical_altar_mp_urbaneastern, minmay_misc_feat_plants,
          minmay_pentomino_x4
D:2:      layout_loops_corners, serial_shops, shop, nicolae_square_shop, shop,
          shop, nicolae_shop_hallway_plus, st_stairs_3,
          chequers_decorated_corner
D:3:      layout_rooms, serial_shops, shop, uniq_sigmund
D:4:      kennysheep_the_goblin_king, layout_loops_cross,
          nicolae_overflow_two_pavilions, minmay_temple_entry_statues_pillars,
          serial_bayou_lagoon_b, uniq_menkaure
D:5:      layout_loops_ring, chequers_temple_overflow_minitemple, serial_shops,
          nicolae_stop_n_shop_1
D:6:      layout_rooms, kennysheep_big_empty_room
D:7:      layout_basic, serial_glass, glass_columns_a, glass_columns_b,
          item_on_display_a, minmay_strange_pillars
D:8:      layout_basic, grunt_temple_overflow_magic_moments, dpeg_lair_monsters,
          st_stairs_6, nicolae_island_escapes, uniq_maggie, uniq_psyche,
          uniq_prince_ribbit1
D:9:      layout_cave_pools, nicolae_gozag_cash_rules_everything_around_me,
          nemelex_xobeh_ov_fountains_minmay
D:10:     layout_small_grid
D:11:     layout_stronghold, serial_demonic, serial_demonic_d, serial_demonic_c,
          serial_demonic_a, serial_demonic_a, serial_demonic_g,
          serial_demonic_a, serial_demonic_c, serial_demonic_g, uniq_maurice
D:12:     wander_kiku_kobolds, layout_basic, david_orc_5, minmay_crystal_water,
          nicolae_elyvilon_temple_path
Temple:   chequers_temple_sunken
Lair:1:   layout_long_grid, grunt_megastairs_5, lemuel_fruit_tree,
          serial_bayou_shore_b
Lair:2:   layout_chaotic_city, minmay_snake_entry_guardpost_small,
          grunt_megastairs_2
Lair:3:   layout_roguey, elwin_shoals_entry_rocks, serial_bayou_crossing
Lair:4:   layout_long_grid, minmay_slime_entry_jelly_boxes, enter_volcano_4,
          minivault_19
Lair:5:   gammafunk_lair_ancient_temple, layout_loops_ring,
          portal_ice_cave_demonic_guard, kennysheep_snail_temple
IceCv:    ice_cave_caverns_02

Skill      XL: |  1  2  3  4  5  6  7  8  9 10 11 12 13 14 15 |
---------------+----------------------------------------------+-----
Axes           | 4 5 6 7 8 9 11 13 | 13.4
Throwing       | 4 5 |  5.0
Armour         | 2 6 7 8 |  8.3
Invocations    | 5 9 10 11 | 11.7
Fighting       | 6 7 8 11 12 | 12.0
Shields        | 4 5 |  5.7
Evocations     | 2 5 |  5.0
Summonings     | 5 7 |  7.5
Spellcasting   | 4 |  4.2
Dodging        | |  3.0

Action                   |  1- 3 |  4- 6 |  7- 9 | 10-12 | 13-15 || total
-------------------------+-------+-------+-------+-------+-------++-------
Melee: War axe           |    76 |    56 |       |       |       ||   132
       Punch             |     1 |       |       |       |       ||     1
       Halberd           |       |     2 |   191 |    44 |     8 ||   245
       Battleaxe         |       |       |     7 |   154 |    15 ||   176
       Unarmed           |       |       |       |     1 |       ||     1
       Broad axe         |       |       |       |   214 |   583 ||   797
       Morningstar       |       |       |       |       |    27 ||    27
       Flail             |       |       |       |       |    35 ||    35
       Spear             |       |       |       |       |    18 ||    18
Throw: Throwing net      |     1 |     5 |     2 |       |     6 ||    14
       Dart              |       |    18 |     8 |    20 |    19 ||    65
       Javelin           |       |     6 |       |    20 |     1 ||    27
       Boomerang         |       |       |       |       |     3 ||     3
Invok: Recite            |       |       |    10 |    24 |    16 ||    50
       Vitalisation      |       |       |       |     4 |     8 ||    12
       Imprison          |       |       |       |     1 |       ||     1
       Sanctuary         |       |       |       |       |     1 ||     1
Evoke: Wand              |       |       |     2 |     5 |    26 ||    33
  Use: Potion            |       |     5 |     1 |     3 |     8 ||    17
       Scroll            |       |     5 |     2 |    11 |     5 ||    23
 Stab: Held in net/web   |       |     1 |       |       |     2 ||     3
       Confused          |       |       |       |    12 |     6 ||    18
       Paralysed         |       |       |       |       |     6 ||     6
       Invisible         |       |       |       |       |     1 ||     1
Armor: Leather armour    |     3 |       |       |       |       ||     3
       Chain mail        |    51 |    67 |    30 |       |   228 ||   376
       Plate armour      |       |       |    53 |   304 |   251 ||   608
Dodge: Dodged            |    45 |    25 |    58 |   167 |   330 ||   625
Block: Buckler           |       |       |       |    72 |   214 ||   286
